AoeStats
← remiglf

Acropolis

503139625Analyzed
1v1 RM · 1mo ago on Aug 30, 2026· 61m 49s· 2 players
Game mode
Random Map
Map size
Tiny (2 player)
Population
200
Speed
Normal
Resources
Standard
Victory
Conquest
Starting age
Dark Age
Ending age
Imperial Age
RankedLock teamsTeams togetherTeam positionsShared explorationLock speedFull tech treeHidden civsTurbo modeCheats
Victory
Defeat
🇫🇷 Franks · France
791
+33
🇹🇷 Magyars · Türkiye
788
-16
Valar Dohaeris
0:27 Loom
10:46 Feudal Age
17:33 Castle Age
24:28 Bloodlines
24:55 Town Watch
27:41 Scale Barding Armor
27:28 Fletching
27:41 Double-Bit Axe
27:57 Horse Collar
29:48 Corvinian Army
31:23 Heavy Plow
34:00 Husbandry
34:44 Wheelbarrow
39:08 Imperial Age
38:24 Gold Mining
38:35 Stone Mining
38:56 Bow Saw
39:28 Ballistics
39:19 Thumb Ring
40:28 Conscription
44:21 Bodkin Arrow
47:17 Gold Shaft Mining
48:11 Hand Cart
49:10 Chain Barding Armor
49:02 Bracer
49:05 Padded Archer Armor
50:57 Parthian Tactics
52:27 Plate Barding Armor
53:38 Chemistry
56:07 Two-Man Saw
56:27 Recurve Bow
57:16 Siege Engineers
61:38 Leather Archer Armor
remiglf
9:57 Feudal Age
19:00 Castle Age
20:00 Husbandry
20:41 Gold Mining
21:21 Scale Barding Armor
27:39 Scale Mail Armor
27:52 Forging
27:53 Double-Bit Axe
30:25 Gold Shaft Mining
29:46 Stone Mining
30:44 Wheelbarrow
34:21 Iron Casting
34:07 Chain Barding Armor
36:22 Ballistics
35:58 Murder Holes
37:20 Town Watch
40:39 Imperial Age
40:57 Cavalier
42:22 Bow Saw
42:49 Paladin
45:17 Blast Furnace
46:51 Plate Barding Armor
47:49 Town Patrol
48:06 Hand Cart
47:36 Loom
48:36 Squires
47:57 Pikeman
48:17 Elite Throwing Axeman
49:19 #83
51:21 Conscription
51:21 Pikeman
52:01 Squires
52:54 Halberdier
54:07 Chivalry
59:31 Fletching
61:20 Scale Mail Armor
Connection lost

Rejoining the realm…

Still unreachable

The connection could not be restored.

Session expired

The server has moved on; the page needs a fresh start.